 Dungeon Crawl Stone Soup version 0.16.1-17-g773cdaf (webtiles) character file.

102 Maocescu the Conjurer (level 4, 0/27 HPs)
             Began as an Octopode Conjurer on Apr 23, 2015.
             Slain by an adder (4 damage)
             ... on level 3 of the Dungeon.
             The game lasted 00:09:38 (2444 turns).

Maocescu the Conjurer (Octopode Conjurer)           Turns: 2444, Time: 00:09:39

Health: 0/27       AC:  2    Str:  7    XL:     4   Next: 78%
Magic:  0/7        EV: 12    Int: 18    God:
Gold:   60         SH:  0    Dex: 12    Spells: 2 memorised, 3 levels left

rFire  . . .     SeeInvis .     a - +0 dagger (holy)
rCold  . . .     Clarity  .     (no shield)
rNeg   . . .     SustAb   .     e - +1 hat
rPois  .         Gourm    .     (no amulet)
rElec  .         Spirit   .     (no ring)
rCorr  .         Warding  .     (no ring)
rMut   .         Stasis   .     (no ring)
MR     .....                    (no ring)
Stlth  ++++......               (no ring)
                                (no ring)
                                (no ring)
                                (no ring)

@: not resistant to hostile enchantments, stealthy
A: almost no armour, amphibious, 8 rings, constrict 8, camouflage 1, gelatinous
body 1
a: no special abilities


You were on level 3 of the Dungeon.
You were not hungry.

You visited 1 branch of the dungeon, and saw 3 of its levels.

You collected 60 gold pieces.

Inventory:

Hand weapons
 a - a +0 dagger of holy wrath (weapon)
 b - a +0 quarterstaff
Armour
 e - a +1 hat (worn)
Magical devices
 u - a wand of slowing (15)
Scrolls
 f - 2 scrolls of teleportation {unknown}
 h - 5 scrolls of remove curse {unknown}
 i - a scroll of amnesia {unknown}
 j - a scroll of identify {unknown}
 q - a scroll of magic mapping {unknown}
 w - a scroll of blinking {unknown}
Potions
 d - a potion of ambrosia {unknown}
 l - a potion of poison {unknown}
 m - a potion of flight {unknown}
 n - a potion of degeneration {unknown}
 p - a potion of lignification {unknown}
 r - a potion of cancellation {unknown}
 s - a potion of decay {unknown}
Books
 c - a book of Conjurations

   Spells                             Type                      Level
   a - Magic Dart                     Conjuration                  1
   b - Searing Ray                    Conjuration                  2
   c - Dazzling Spray                 Conjuration/Hexes            3
   d - Fulminant Prism                Conjuration/Hexes            4
   e - Iskenderun's Mystic Blast      Conjuration                  4
   f - Iskenderun's Battlesphere      Conjuration/Charms           5
Comestibles
 k - 11 chunks of flesh
 o - a meat ration
 t - 3 fruits
 v - 3 bread rations


   Skills:
 - Level 2.0 Dodging
 + Level 4.3 Stealth
 - Level 2.0 Spellcasting
 * Level 5.4 Conjurations


You had 3 spell levels left.
You knew the following spells:

 Your Spells              Type           Power        Failure   Level  Hunger
a - Magic Dart            Conj           ###.         1%          1    #......
b - Dazzling Spray        Conj/Hex       ##......     21%         3    ###....


Dungeon Overview and Level Annotations

Branches:
Dungeon (3/15)

Altars:
Trog


Innate Abilities, Weirdness & Mutations

You cannot wear most types of armour.
You are amphibious.
You can wear up to eight rings at the same time.
You can use your tentacles to constrict many enemies at once.
Your skin changes colour to match your surroundings (Stealth).
Your rubbery body absorbs attacks (AC +1).


Message History

* * * LOW HITPOINT WARNING * * *
Drink which item? (? for menu, Esc to quit)
It was a potion of curing.
You feel better. The adder bites you.
Casting: Magic Dart
Confirm with . or Enter, or press ? or * to list all spells.
Aiming: Magic Dart
Press: ? - help, Shift-Dir - straight line, f/p - adder
Aim: an adder (moderately wounded, slow)
The magic dart hits the adder.
The adder is heavily wounded.
The adder bites you.
* * * LOW HITPOINT WARNING * * *
You closely miss the adder. Your grab misses the adder.
The adder is heavily wounded.
The adder bites you.
* * * LOW HITPOINT WARNING * * *
You hit the adder. Your grab misses the adder.
The adder is almost dead.
The adder bites you.
You die...

[..........#
#...........###
##?.............
#........!....#
#.............####
#........<........
#.............####
#......S......#
#......@......#
#.............#
##(###..######## #
.......#.## #####.
####.....#
..##..###..###...#
..##.##......##..#
..##.....##......#
..##....# ##..)..#


You could see an adder.

Vanquished Creatures
  3 adders
  A giant mite (D:2)
  A worm (D:3)
  A giant gecko (D:1)
  An ooze (D:2)
  4 orcs (D:3)
  7 giant cockroaches
  5 hobgoblins (D:1)
  2 jackals (D:2)
  9 bats
  3 giant newts
  6 goblins
  8 kobolds
  A quokka (D:3)
  3 rats
55 creatures vanquished.

Notes
Turn   | Place    | Note
--------------------------------------------------------------
     0 | D:1      | Maocescu, the Octopode Conjurer, began the quest for the Orb.
     0 | D:1      | Reached XP level 1. HP: 11/11 MP: 3/3
   231 | D:1      | Reached XP level 2. HP: 17/17 MP: 0/4
   769 | D:1      | Reached XP level 3. HP: 12/21 MP: 1/6
  1047 | D:2      | Found a bloodstained altar of Trog.
  1267 | D:2      | Learned a level 3 spell: Dazzling Spray
  1291 | D:2      | Reached skill level 5 in Conjurations
  1399 | D:2      | Reached XP level 4. HP: 27/27 MP: 1/7
  2444 | D:3      | Slain by an adder

Action                   |  1- 3 |  4- 6 || total
-------------------------+-------+-------++-------
Melee: Dagger            |     9 |    26 ||    35
       Unarmed           |     1 |       ||     1
 Cast: Magic Dart        |    59 |    55 ||   114
       Dazzling Spray    |     1 |       ||     1
Evoke: Wand              |       |     1 ||     1
  Use: Potion            |       |     1 ||     1
 Stab: Sleeping          |     1 |       ||     1
  Eat: Chunk             |     2 |     4 ||     6
